 Dungeon Crawl Stone Soup version 0.30.0-19-g36f170ea60 (webtiles) character file.

Game seed: 6008582230370705542

1448 wingedge the Magician (level 8, -3/61 HPs)
             Began as a Demigod Conjurer on May 29, 2023.
             Slain by a killer bee (6 damage)
             ... on level 7 of the Dungeon.
             The game lasted 00:27:00 (8674 turns).

wingedge the Magician (Demigod Conjurer)            Turns: 8674, Time: 00:27:00

Health: -3/61      AC:  4    Str: 14    XL:     8   Next: 22%
Magic:  0/20       EV: 12    Int: 28    God:
Gold:   222        SH:  0    Dex: 12    Spells: 6/19 levels left

rFire   . . .        p - +0 hand axe (elec)
rCold   . . .        (no shield)
rNeg    + . .        e - +0 robe
rPois   .            v - +0 helmet
rElec   .            (no cloak)
rCorr   .            (no gloves)
SInv    .            g - +0 pair of boots
Will    .....        A - amulet of guardian spirit
Stlth   ++           q - +6 ring of strength
HPRegen 0.30/turn    y - ring of positive energy
MPRegen 0.17/turn

%: guardian spirit
@: no status effects
A: high MP 1, forlorn, divine attributes
a: no special abilities


You were on level 7 of the Dungeon.
You visited 1 branch of the dungeon, and saw 7 of its levels.

You collected 420 gold pieces.
You spent 198 gold pieces at shops.

Inventory:

Hand Weapons
 n - a +0 dagger of venom
 p - a +0 hand axe of electrocution (weapon)
Missiles
 j - 2 javelins
 t - 7 curare-tipped darts
 D - a throwing net
 F - 13 poisoned darts
Armour
 e - a +0 robe (worn)
 g - a +0 pair of boots (worn)
 h - a +0 ring mail
 u - a +0 leather armour
 v - a +0 helmet (worn)
Jewellery
 f - a ring of flight
 q - a +6 ring of strength (left hand)
 y - a ring of positive energy (right hand)
 A - an amulet of guardian spirit (around neck)
Wands
 H - a wand of polymorph (9)
Scrolls
 a - a scroll of silence
 k - 4 scrolls of vulnerability
 l - a scroll of magic mapping
 s - a scroll of enchant armour
 B - a scroll of acquirement {unknown}
 C - a scroll of teleportation {unknown}
 E - 2 scrolls of noise
 J - a scroll of identify
Potions
 b - 3 potions of magic
 c - 2 potions of lignification
 d - 6 potions of might
 i - a potion of curing
 m - a potion of haste {unknown}
 o - 4 potions of heal wounds
 r - 5 potions of brilliance
 w - a potion of attraction {unknown}
 x - a potion of flight {unknown}
 z - a potion of berserk rage {unknown}
 G - a potion of mutation {unknown}
 I - a potion of invisibility {unknown}


   Skills:
 - Level 2.1 Fighting
 - Level 2.0 Dodging
 - Level 2.0 Stealth
 - Level 6.0 Spellcasting
 + Level 5.3 Conjurations
 + Level 5.3 Hexes


You had 6 spell levels left.
You knew the following spells:

 Your Spells              Type           Power      Damage    Failure   Level
a - Magic Dart            Conj           100%       1d8       1%          1
b - Searing Ray           Conj           76%        2d7       1%          2
c - Dazzling Flash        Conj/Hex       76%        N/A       1%          3
d - Tukima's Dance        Hex            38%        N/A       1%          3
e - Fulminant Prism       Conj/Hex       19%        3d10      7%          4

Your spell library contained the following spells:

 Spells                   Type           Power      Damage    Failure   Level
 Portal Projectile        Hex/Tloc       46%        N/A       6%          3
 Iskenderun's Mystic Bla  Conj/Tloc      23%        2d6       21%         4
 Blade Hands              Tmut           4%         N/A       86%         5


Dungeon Overview and Level Annotations

Branches:
Dungeon (7/15)             Temple (0/1) D:4

Shops:
D:2 !   D:3 !

Annotations:
D:5 3 runed translucent doors, DemonSlayer's ghost, amateur DsEE


Innate Abilities, Weirdness & Mutations

You have an increased reservoir of magic. (+10% MP)
You shall have no god before yourself.
Your divine heritage dramatically boosts your attributes as you level up.


Message History

Aim: a killer bee (severely wounded, 100% to hit)
The magic dart hits the killer bee but does no damage.
The killer bee is severely wounded.
The killer bee stings you.
* * * LOW HITPOINT WARNING * * *
You are poisoned.
The killer bee poisons you! The killer bee stings you.
* * * LOW HITPOINT WARNING * * *
Casting: Magic Dart (safe; 1% risk of failure)
Confirm with . or Enter, or press ? or * to list all spells.
Aiming: Magic Dart (safe; 1% risk of failure)
Press: ? - help, Shift-Dir - straight line, f/p - killer bee
Aim: a killer bee (severely wounded, 100% to hit)
The magic dart hits the killer bee.
The killer bee is almost dead.
* * * LOW HITPOINT WARNING * * *
You feel very sick. The killer bee stings you.
* * * LOW HITPOINT WARNING * * *
The killer bee completely misses you.
You feel better. The killer bee barely misses you. The killer bee stings you!
* * * LOW HITPOINT WARNING * * *
You feel much better. The killer bee barely misses you.
The killer bee stings you.
You hit the killer bee.
The killer bee is almost dead.
The killer bee stings you. The killer bee closely misses you.
You miss the killer bee.
The killer bee is almost dead.
The killer bee stings you! x2
* * * LOW HITPOINT WARNING * * *
The killer bee stings you!
* * * LOW HITPOINT WARNING * * *
Okay, then.
You closely miss the killer bee.
The killer bee is almost dead.
The killer bee stings you.
* * * LOW HITPOINT WARNING * * *
The killer bee stings you.
You die... gg#

.#'##.. ##'#..[.....### ...
'..#'## #..#........# ...
####..#..# #..#........#
...####..##!#..####..#...########
..o.........#$##..####.....(.....
....)K))(...)..)........#........
....K.[...###........#...........
.##.#...).##..$y..<.#####........
..........>....†@#.)### #........
.....#...#.#.).†.##...# #########
.##..............##.#.###########
###........#..)..##....#.).......
#........#.....###.#.#>........
#........#.....# #.............
#........#.....# ##...>........
........#.....# ####.........
#.........


You could see a killer bee.

Vanquished Creatures
  2 phantoms (D:4)
  4 kobold brigands
  A bullfrog (D:6)
  5 scorpions
  2 killer bees (D:7)
  2 orc priests (D:5)
  4 hounds
  A gnoll bouda (D:5)
  Jessica (D:3)
  An orc wizard (D:7)
  9 gnolls
  8 adders
  A shadow imp (D:5)
  An ufetubus (D:5)
  7 dart slugs
  15 orcs
  11 ball pythons
  2 bats
  7 endoplasms
  14 giant cockroaches
  11 goblins
  10 hobgoblins
  A jackal (D:2)
  25 kobolds
  4 quokkas
  3 frilled lizards
  6 rats
158 creatures vanquished.

Vanquished Creatures (others)
  8 fulminant prisms (D:7)
8 creatures vanquished.

Grand Total: 166 creatures vanquished

Notes
Turn   | Place    | Note
-------+----------+-------------------------------------------
     0 | D:1      | wingedge the Demigod Conjurer began the quest for the Orb.
     0 | D:1      | Reached XP level 1. HP: 14/14 MP: 5/5
   130 | D:1      | Reached skill level 2 in Spellcasting
   294 | D:1      | Reached XP level 2. HP: 20/20 MP: 3/7
   354 | D:1      | Learned a level 2 spell: Searing Ray
  1043 | D:1      | Reached XP level 3. HP: 26/26 MP: 2/9
  1106 | D:1      | Learned a level 3 spell: Dazzling Flash
  1652 | D:2      | Reached skill level 3 in Spellcasting
  1709 | D:2      | Reached skill level 1 in Hexes
  2028 | D:2      | Reached XP level 4. HP: 33/33 MP: 9/11
  2425 | D:2      | Found Fuutog's Distillery.
  2449 | D:2      | Bought a potion of degeneration for 11 gold pieces
  2449 | D:2      | Bought a potion of curing for 33 gold pieces
  2694 | D:3      | Noticed Jessica
  2706 | D:3      | Killed Jessica
  2746 | D:3      | Reached XP level 5. HP: 39/39 MP: 2/13
  2841 | D:3      | Learned a level 3 spell: Tukima's Dance
  2926 | D:3      | You fall into a shaft and drop 3 floors!
  2933 | D:5      | Entered Level 5 of the Dungeon
  3029 | D:5      | Reached skill level 1 in Fighting
  3155 | D:4      | Reached skill level 4 in Spellcasting
  3180 | D:4      | Reached XP level 6. HP: 38/48 MP: 6/15
  3245 | D:4      | Learned a level 4 spell: Fulminant Prism
  3774 | D:3      | Found Penalis's Distillery.
  3787 | D:3      | Bought a potion of heal wounds for 55 gold pieces
  3787 | D:3      | Bought a potion of brilliance for 44 gold pieces
  3787 | D:3      | Bought a potion of heal wounds for 55 gold pieces
  4230 | D:4      | Found a staircase to the Ecumenical Temple.
  5414 | D:5      | Reached XP level 7. HP: 45/55 MP: 11/17
  5420 | D:5      | Reached skill level 5 in Spellcasting
  5706 | D:5      | Found a runed translucent gate.
  5706 | D:5      | Found a runed translucent gate.
  5707 | D:5      | Found a runed translucent gate.
  5843 | D:5      | Noticed DemonSlayer's ghost (amateur DsEE)
  6642 | D:6      | Reached skill level 6 in Spellcasting
  7875 | D:7      | Reached skill level 5 in Conjurations
  8331 | D:7      | Reached XP level 8. HP: 61/61 MP: 8/20
  8513 | D:7      | Reached skill level 5 in Hexes
  8674 | D:7      | HP: 3/61 [killer bee (2)]
  8674 | D:7      | Slain by a killer bee

Illustrated notes

Levels and vault maps discovered:
D:1:      psy_arrival_spokes, layout_basic, minivault_24
D:2:      layout_basic, serial_shops, shop, st_stairs_10,
          minmay_misc_feat_alley, kennysheep_generic_room_13
D:3:      minmay_roachtagon, layout_basic, serial_shops, shop_fountains,
          uniq_jessica
D:4:      layout_basic, mainiacjoe_overflow_catwalk, hangedman_ru_absence,
          minmay_temple_entry_purple_smoke, st_stairs_14, minivault_5
D:5:      layout_loops_corners, mainiacjoe_overflow_alcove_4,
          lemuel_doored_altar, gammafunk_ghost_necromancy
D:6:      layout_cave_pods, lemuel_crystal_altar,
          nicolae_overflow_crystal_walls, minmay_misc_feat_diagonals,
          chequers_serial_rivers_large_a
D:7:      corexii_shantytown, layout_rooms, lemuel_crystal_altar

Skill      XL: |  1  2  3  4  5  6  7  8 |
---------------+-------------------------+-----
Spellcasting   | 2 3 4 6 |  6.0
Conjurations   | 4 5 |  5.3
Hexes          | 1 2 4 5 |  5.3
Fighting       | 1 2 |  2.1
Stealth        | 2 |  2.0
Dodging        | 2 |  2.0

Action                     |  1- 3 |  4- 6 |  7- 9 || total
---------------------------+-------+-------+-------++-------
  Melee: Dagger            |     2 |    24 |       ||    26
         Whip              |       |    27 |       ||    27
         Hand axe          |       |       |     4 ||     4
  Throw: Dart              |       |       |     3 ||     3
         Throwing net      |       |       |     1 ||     1
   Cast: Magic Dart        |    28 |    19 |     7 ||    54
         Searing Ray       |    30 |    36 |    42 ||   108
         Dazzling Flash    |       |     4 |     2 ||     6
         Fulminant Prism   |       |       |     8 ||     8
         Tukima's Dance    |       |       |     1 ||     1
    Use: Scroll            |       |     6 |     4 ||    10
         Potion            |       |       |     4 ||     4
 Armour: Leather armour    |     4 |    19 |       ||    23
         Ring mail         |       |     4 |    15 ||    19
         Skin              |       |       |     2 ||     2
         Robe              |       |       |     3 ||     3
  Dodge: Dodged            |     5 |    62 |    37 ||   104
